 Dungeon Crawl Stone Soup version 0.28-a0-850-g09de17f5b5 (webtiles) character file.

Game seed: 14189097299482031290

17136 spiderkeys the Destroyer (level 12, -5/66 HPs)
             Began as a Deep Elf Abyssal Knight on Nov 13, 2021.
             Was a High Priest of Lugonu.
             Killed from afar by a deep elf pyromancer (37 damage)
             ... with a bolt of fire
             ... on level 12 of the Dungeon.
             The game lasted 00:40:49 (16176 turns).

spiderkeys the Destroyer (Deep Elf Abyssal Knight) Turns: 16176, Time: 00:40:50

Health: -5/66      AC:  9    Str: 12    XL:     12   Next: 16%
Magic:  4/27       EV: 17    Int: 21    God:    Lugonu [*****.]
Gold:   589        SH:  0    Dex: 15    Spells: 4/30 levels left

rFire   . . .      SeeInvis +   I - +11 rapier "Kitt" {protect, rPois Str+2}
rCold   . . .      Faith    .   (no shield)
rNeg    . . .      Spirit   .   b - +0 steam dragon scales
rPois   +          Reflect  .   n - +2 helmet of Eternal Vigilance {rElec Slay+3}
rElec   +          Harm     .   (no cloak)
rCorr   .          Rampage  .   (no gloves)
Will    +....                   K - +0 pair of boots
Stlth   +++.......              A - amulet of the acrobat
HPRegen 0.21/turn               Z - ring of wizardry
MPRegen 0.20/turn               v - ring of see invisible

@: very slightly contaminated
A: no striking features
a: Renounce Religion, Depart the Abyss, Bend Space, Banish, Corrupt, Enter the
Abyss


You were on level 12 of the Dungeon.
You worshipped Lugonu.
Lugonu was extremely pleased with you.
You visited 1 branch of the dungeon, and saw 12 of its levels.
You visited the Abyss 1 time.

You collected 949 gold pieces.
You spent 360 gold pieces at shops.


   Skills:
 + Level 4.0 Fighting
 - Level 2.0 Short Blades
 - Level 0.7 Armour
 + Level 10.0 Dodging
 - Level 7.0 Stealth
 + Level 9.6 Spellcasting
 + Level 10.8 Conjurations
 - Level 6.1 Transmutations
 - Level 6.3 Fire Magic
 * Level 4.8 Ice Magic
 - Level 2.0 Earth Magic
 - Level 8.0 Invocations


You had 4 spell levels left.
You knew the following spells:

 Your Spells              Type           Power      Damage    Failure   Level
a - Passwall              Tmut/Erth      22%        N/A       1%          2
c - Freezing Cloud        Conj/Ice/Air   16%        6-21      9%          5
f - Fireball              Conj/Fire      23%        3d11      2%          5
m - Mephitic Cloud        Conj/Pois/Air  25%        N/A       1%          3
r - Irradiate             Conj/Tmut      22%        3d20      2%          5
X - Scorch                Fire           72%        2d9       1%          2
Y - Flame Wave            Conj/Fire      46%        3d9       1%          4

Your spell library contained the following spells:

 Spells                   Type           Power      Damage    Failure   Level
 Shock                    Conj/Air       100%       1d9       1%          1
 Static Discharge         Conj/Air       32%        N/A       1%          2
 Ignite Poison            Fire/Tmut/Pois 27%        N/A       1%          3
 Hailstorm                Conj/Ice       43%        3d10      1%          4
 Animate Skeleton         Necr           20%        N/A       2%          1
 Pain                     Necr           40%        1d6       2%          1
 Sublimation of Blood     Necr           10%        N/A       4%          2
 Petrify                  Tmut/Erth      27%        N/A       4%          4
 Swiftness                Air            10%        N/A       9%          3
 Vampiric Draining        Necr           10%        2d6       9%          3
 Animate Armour           Summ/Erth      28%        N/A       17%         4
 Airstrike                Air            5%         N/A       26%         4
 Iron Shot                Conj/Erth      18%        9d4       28%         6
 Silence                  Hex/Air        5%         N/A       56%         5
 Summon Cactus Giant      Summ           5%         N/A       98%         6

Inventory:

Hand Weapons
 q - a +4 short sword
   (You took it off a wight on level 3 of the Dungeon)
 B - a +4 dagger
   (You took it off a wight on level 6 of the Dungeon)
 I - the +11 rapier "Kitt" (weapon) {protect, rPois Str+2}
   (You found it on level 7 of the Dungeon)

   It grants its wielder temporary protection when it strikes (+7 to AC).
   Str:       It affects your strength (+2).
   rPois:     It protects you from poison.
 J - a +3 dagger of venom
   (You took it off a goblin on level 4 of the Dungeon)
Missiles
 c - 47 poisoned darts
 f - 259 arrows
 g - 449 stones
 l - 117 bolts
 p - 145 sling bullets
 r - 12 boomerangs
 Q - 4 curare-tipped darts {=f}
 U - 5 throwing nets {=f!f}
Armour
 b - +0 steam dragon scales (worn)
   (You found it on level 8 of the Dungeon)
 d - a +1 robe
   (You took it off a wight on level 4 of the Dungeon)
 n - the +2 helmet of Eternal Vigilance (worn) {rElec Slay+3}
   (You took it off Robin on level 2 of the Dungeon)

   Slay:      It affects your accuracy & damage with ranged weapons and melee
   (+3).
   rElec:     It insulates you from electricity.
 K - a +0 pair of boots (worn)
   (You found it on level 8 of the Dungeon)
 M - a +0 buckler
   (You found it on level 8 of the Dungeon)
 X - a scarf of invisibility
   (You found it on level 11 of the Dungeon)
Magical Staves
 s - a staff of air {!a}
   (You found it on level 5 of the Dungeon)
 V - a staff of fire {!a}
   (You found it on level 9 of the Dungeon)
Jewellery
 v - a ring of see invisible (right hand)
   (You found it on level 8 of the Dungeon)
 x - an amulet of reflection
   (You found it on level 5 of the Dungeon)
 A - an amulet of the acrobat (around neck)
   (You found it on level 7 of the Dungeon)
 C - a ring of ice
   (You found it on level 1 of the Dungeon)
 G - an amulet of guardian spirit
   (You found it on level 3 of the Dungeon)
 L - a ring of flight
   (You took it off a centaur on level 4 of the Dungeon)
 Z - a ring of wizardry (left hand)
   (You took it off a goblin on level 4 of the Dungeon)
Wands
 t - a wand of mindburst (18)
   (You found it on level 4 of the Dungeon)
 y - a wand of paralysis (11)
   (You found it on level 8 of the Dungeon)
 D - a wand of flame (35)
   (You took it off Joseph on level 7 of the Dungeon)
 O - a wand of iceblast (15)
   (You found it on level 8 of the Dungeon)
 S - a wand of polymorph (10)
   (You took it off Maggie on level 9 of the Dungeon)
Scrolls
 a - 3 scrolls of amnesia
 i - 2 scrolls of vulnerability {!r!r}
 j - 4 scrolls of immolation {!r!r}
 k - 2 scrolls of blinking {!r}
 m - 7 scrolls of teleportation {@r4}
 o - a scroll of torment {!r}
 z - 3 scrolls of holy word
 N - a scroll of fog
 Y - a scroll of enchant armour
Potions
 h - 2 potions of attraction {!q}
 u - 3 potions of heal wounds {unknown}
 w - 3 potions of curing {@q1}
 E - 4 potions of might
 F - 3 potions of invisibility
 H - 2 potions of lignification {!q}
 P - a potion of ambrosia
 R - a potion of haste {unknown}
 T - a potion of flight {unknown}
 W - a potion of cancellation {unknown}
Miscellaneous
 e - a lightning rod (4/4)
   (You found it on level 2 of the Abyss)

Dungeon Overview and Level Annotations

Branches:
Dungeon (12/15)            Temple (0/1) D:6            Lair (0/6) D:11
    Orc: D:9-12

Altars:
Dithmenos
Elyvilon
Kikubaaqudgha
Makhleb
Nemelex Xobeh
Qazlal
Trog
Uskayaw
Vehumet
Wu Jian
Yredelemnul
Zin
Beogh

Shops:
D:8 :

Annotations:
D:3 Terence
D:8 Gastronok

.....#.........# ....#
.....#.........######....#
.....#...................#
######............ce.....#
...................).....#
.........................#
...................†......
.................######...
................@#
.................#
............######
#############


You could see a deep elf pyromancer and a centaur.


Message History

You feel yourself speed up.
Your magical contamination has completely faded away. 😮 HP[+6] MP[+6]
You regained 6 hp, and now have 49/66 hp.
You regained 6 mp, and now have 23/27 mp.
Key pressed, stopping explore.
Key pressed, stopping explore.
You now have 589 gold pieces (gained 9).
Key pressed, stopping explore.
k - 2 scrolls of blinking {!r} (gained 1)
u - 3 orange potions (gained 1) Key pressed, stopping explore.
Snorg the Insatiable comes into view. 😎 HP[+17] MP[+4]
Your hp is fully restored (66).
Your mp is fully restored (27).
Snorg shouts!
Casting: Irradiate (dangerous; 2% risk of failure)
Confirm with . or Enter, or press ? or * to list all spells.
Aiming: Fireball (dangerous; 2% risk of failure)
Press: ? - help, Shift-Dir - straight line, f - Snorg
Aim: Snorg The fireball explodes!
The fireball engulfs Snorg!!
You hear a shout! 😎 MP[-5]
You lost 5 mp, and now have 22/27 mp.
Casting: Fireball (dangerous; 2% risk of failure)
Confirm with . or Enter, or press ? or * to list all spells.
Aiming: Fireball (dangerous; 2% risk of failure)
Press: ? - help, Shift-Dir - straight line, f/p - Snorg
Aim: Snorg (moderately wounded)
The fireball explodes!
The fireball engulfs Snorg!!
You hear a shout! x2
A centaur comes into view. 😎 MP[-5]
You lost 5 mp, and now have 17/27 mp.
Casting: Fireball (dangerous; 2% risk of failure)
Confirm with . or Enter, or press ? or * to list all spells.
Okay, then.
The centaur wields a +0 shortbow.
The centaur shoots an arrow.
The arrow misses you.
A deep elf pyromancer comes into view.
It is wielding a +0 long sword of flaming.
Casting: Fireball (dangerous; 2% risk of failure)
Confirm with . or Enter, or press ? or * to list all spells.
You erupt in a fountain of uncontrolled magic!
Snorg is blasted with magical radiation!
Snorg twists and deforms.
You are very lightly contaminated with residual magic.
The centaur shoots an arrow.
The arrow hits you. Snorg bites you. Snorg barely misses you.
Snorg claws you but does no damage. 😕 HP[-10] MP[-5]
You take 10 damage, and now have 56/66 hp.
You lost 5 mp, and now have 12/27 mp.
Casting: Irradiate (dangerous; 2% risk of failure)
Confirm with . or Enter, or press ? or * to list all spells.
You erupt in a fountain of uncontrolled magic!
Snorg is blasted with magical radiation!!!
You kill Snorg!
Lugonu accepts your kill.
The centaur shoots an arrow.
The arrow completely misses you.
Your Fighting skill increases to level 4!
Your Dodging skill increases to level 10! 😕 MP[-4]
You lost 4 mp, and now have 8/27 mp.
Casting: Irradiate (dangerous; 2% risk of failure)
Confirm with . or Enter, or press ? or * to list all spells.
Aiming: Fireball (dangerous; 2% risk of failure)
Press: ? - help, Shift-Dir - straight line, f - centaur
Aim: a centaur, wielding a +0 shortbow and quivering arrows You miscast Fireball.
Nothing appears to happen.
The centaur shoots an arrow.
The arrow hits you. 😕 HP[-1] MP[-5]
You take 1 damage, and now have 55/66 hp.
You lost 5 mp, and now have 3/27 mp.
Casting: Fireball (dangerous; 2% risk of failure)
Confirm with . or Enter, or press ? or * to list all spells.
You don't have enough magic to cast this spell.
Okay, then.
The centaur shoots an arrow.
The arrow completely misses you. 😕 HP[+1]
The centaur shoots an arrow.
The arrow misses you.
The deep elf pyromancer casts a spell.
The deep elf pyromancer blinks!
The deep elf pyromancer gestures at you while chanting.
The bolt of fire hits you!
The centaur shoots an arrow.
The arrow hits you!
* * * LOW HITPOINT WARNING * * *
😨 HP[-24]
You take 24 damage, and now have 32/66 hp.
MASSIVE DAMAGE!! (PAUSE)
Aiming: Iceblast
Press: ? - help, Shift-Dir - straight line, f - deep elf pyromancer, p - centaur
Aim: a deep elf pyromancer, wielding a +0 long sword of flaming and wearing a +0 ring mail The mass of ice explodes!
The iceblast engulfs the deep elf pyromancer!
The iceblast engulfs the centaur.
The iceblast engulfs the orc!
You kill the orc!
Lugonu accepts your kill.
The deep elf pyromancer casts a spell at you.
The bolt of fire hits you!!!
Ouch! That really hurt!
You die...

Skill      XL: |  1  2  3  4  5  6  7  8  9 10 11 12 |
---------------+-------------------------------------+-----
Spellcasting   | 2 3 4 5 7 9 |  9.6
Stealth        | 1 2 3 4 5 6 7 |  7.0
Fire Magic     | 1 2 3 4 6 |  6.3
Dodging        | 3 4 5 7 8 9 10 | 10.0
Invocations    | 3 4 5 6 7 8 |  8.0
Conjurations   | 1 4 6 8 10 | 10.8
Transmutations | 1 4 6 |  6.1
Earth Magic    | 2 |  2.0
Fighting       | 3 4 |  4.0
Ice Magic      | 3 4 |  4.8
Short Blades   | |  2.0
Armour         | |  0.7

Action                   |  1- 3 |  4- 6 |  7- 9 | 10-12 || total
-------------------------+-------+-------+-------+-------++-------
Melee: Short sword       |    81 |    38 |     6 |       ||   125
       Dagger            |       |       |   105 |       ||   105
       Rapier            |       |       |    13 |   190 ||   203
Throw: Dart              |       |       |     1 |       ||     1
       Stone             |       |       |     3 |       ||     3
 Cast: Scorch            |       |    18 |    76 |    30 ||   124
       Flame Wave        |       |       |     8 |    14 ||    22
       Fireball          |       |       |       |    12 ||    12
       Passwall          |       |       |       |     3 ||     3
       Irradiate         |       |       |       |    19 ||    19
       Mephitic Cloud    |       |       |       |     2 ||     2
Invok: Depart the Abyss  |     1 |       |       |       ||     1
       Bend Space        |       |       |     2 |       ||     2
       Banish            |       |       |     2 |     3 ||     5
Evoke: Lightning rod     |     5 |     6 |     7 |       ||    18
       Wand              |       |       |    10 |     2 ||    12
  Use: Scroll            |     5 |       |     6 |     7 ||    18
       Potion            |       |     4 |     3 |       ||     7
 Stab: Sleeping          |     3 |     1 |     1 |    10 ||    15
       Distracted        |       |     1 |       |       ||     1
Armor: Leather armour    |    20 |    13 |       |       ||    33
       Skin              |       |    30 |       |       ||    30
       Robe              |       |     2 |    35 |     1 ||    38
       Steam dragon scal |       |       |       |   105 ||   105
Dodge: Dodged            |    48 |    31 |   129 |   246 ||   454

Levels and vault maps discovered:
D:1:      dpeg_arrival_pond, layout_loops_ring, minmay_crystal_room
D:2:      layout_basic, shapermc_ecumenical_altar_starsandcircs, basic_altar,
          uniq_robin
D:3:      layout_rooms, kennysheep_orc_chapel, uniq_terence
D:4:      layout_loops_cross, nicolae_uskayaw_dance_hall, grunt_decor_junction
D:5:      layout_layer_cave, yredelemnul_altar_generic, dk_noncrumbling_2
D:6:      layout_loops_ring, trog_three_pillars_becter,
          minmay_temple_entry_large_hall, kennysheep_another_room
D:7:      layout_loops_ring, kennysheep_mini_moat,
          eino_small_chamber_without_monster, uniq_joseph, uniq_prince_ribbit1,
          uniq_menkaure
D:8:      layout_gridville, mainiacjoe_overflow_catwalk, serial_shops, shop,
          minmay_joined_circles, uniq_gastronok
D:9:      layout_roguey, lemuel_coloured_pillars_altar, vehumet_crystals,
          nzn_wu_jian_council_hall, nicolae_qazlal_general_emergency,
          elyvilon_altar_3, serial_ice, serial_ice_l, serial_ice_o,
          serial_ice_b, serial_ice_e, kb_lookout_dungeons_type, uniq_maggie
D:10:     layout_irregular_city, grunt_temple_overflow_open, minivault_4
D:11:     layout_loops_ring, erik_lair_orcish_takeover,
          chequers_serial_rivers_small_b, hangedman_fish_farm
D:12:     layout_irregular_city, orc_david_3, uniq_sonja, uniq_snorg, uniq_kirke

Notes
Turn   | Place    | Note
-------+----------+-------------------------------------------
     0 | Abyss:1  | spiderkeys the Deep Elf Abyssal Knight began the quest for
                  | the Orb.
     0 | Abyss:1  | Reached XP level 1. HP: 13/13 MP: 4/4
     0 | Abyss:1  | magus.rc [v1.9.10]
    70 | Abyss:1  | Noticed a large abomination
   110 | Abyss:1  | Noticed a large abomination
   111 | Abyss:1  | Noticed a large abomination
   123 | Abyss:1  | Noticed an orc sorcerer
   124 | Abyss:1  | Noticed a hellwing
   197 | Abyss:3  | Noticed a rakshasa
   197 | Abyss:3  | Noticed a thrashing horror
   197 | Abyss:3  | HP: 2/13 [thrashing horror (9)]
   198 | D:1      | You pass through the gate.
   198 | D:1      | Escaped the Abyss
   568 | D:1      | HP: 2/13 [quokka (3)]
   919 | D:1      | You pick up a book of Scorching and begin reading...
   919 | D:1      | You add the spells Scorch, Flame Wave and Summon Cactus
                  | Giant to your library.
   938 | D:1      | Reached * piety under Lugonu
   946 | D:1      | Reached XP level 2. HP: 17/18 MP: 5/5
   949 | D:1      | Learned a level 2 spell: Scorch
   972 | D:1      | You pick up a book of Alchemy and begin reading...
   972 | D:1      | You add the spells Sublimation of Blood, Petrify and
                  | Irradiate to your library.
  1007 | D:1      | Reached skill level 1 in Spellcasting
  1151 | D:1      | Reached skill level 1 in Stealth
  1754 | D:2      | Identified the +2 helmet of Eternal Vigilance {rElec
                  | Slay+3}
  1754 | D:2      | Noticed Robin
  1758 | D:2      | Killed Robin
  1759 | D:2      | Reached skill level 2 in Spellcasting
  1759 | D:2      | Reached skill level 1 in Fire Magic
  1759 | D:2      | Reached XP level 3. HP: 20/22 MP: 6/8
  1801 | D:2      | Found an ancient bone altar of Kikubaaqudgha.
  2197 | D:2      | Reached skill level 3 in Dodging
  2202 | D:2      | Found a faded altar of an unknown god.
  2705 | D:3      | Reached ** piety under Lugonu
  2720 | D:3      | Noticed Terence
  2958 | D:3      | Reached XP level 4. HP: 27/27 MP: 8/10
  2959 | D:3      | Reached skill level 2 in Stealth
  2959 | D:3      | Reached skill level 3 in Spellcasting
  2959 | D:3      | Reached skill level 2 in Fire Magic
  2959 | D:3      | Reached XP level 5. HP: 31/31 MP: 8/11
  3202 | D:3      | Reached skill level 3 in Invocations
  3674 | D:4      | Reached skill level 4 in Spellcasting
  3688 | D:4      | Reached XP level 6. HP: 25/36 MP: 1/14
  3972 | D:4      | Reached skill level 3 in Fire Magic
  4063 | D:4      | HP: 6/36 [centaur/arrow (11)]
  4068 | D:4      | HP: 13/54 [centaur (5)]
  4073 | D:4      | Reached skill level 4 in Dodging
  4073 | D:4      | Reached skill level 3 in Stealth
  4330 | D:4      | You fall into a shaft and drop 1 floor!
  4330 | D:5      | Entered Level 5 of the Dungeon
  4427 | D:4      | Reached skill level 5 in Spellcasting
  4427 | D:4      | Reached XP level 7. HP: 39/40 MP: 13/16
  4459 | D:4      | Found a hide-covered altar of Uskayaw.
  4494 | D:4      | Reached skill level 4 in Fire Magic
  4623 | D:4      | Learned a level 4 spell: Flame Wave
  5216 | D:5      | Found a basalt altar of Yredelemnul.
  5264 | D:5      | Reached skill level 4 in Invocations
  5400 | D:5      | Reached skill level 4 in Stealth
  5400 | D:5      | Reached skill level 1 in Conjurations
  5424 | D:5      | HP: 10/40 [poisoned by a water moccasin]
  5430 | D:5      | Reached XP level 8. HP: 21/45 MP: 18/18
  5678 | D:5      | Reached *** piety under Lugonu
  5680 | D:5      | Reached skill level 2 in Conjurations
  5682 | D:5      | Reached skill level 5 in Dodging
  5682 | D:5      | Reached skill level 5 in Fire Magic
  6665 | D:5      | You pick up a book of Burglary and begin reading...
  6665 | D:5      | You add the spells Passwall and Swiftness to your library.
  6669 | D:5      | Learned a level 2 spell: Passwall
  7145 | D:6      | Reached skill level 3 in Conjurations
  7284 | D:6      | Reached skill level 5 in Stealth
  7294 | D:6      | Reached skill level 6 in Fire Magic
  7294 | D:6      | Reached skill level 5 in Invocations
  7461 | D:6      | Reached skill level 4 in Conjurations
  7526 | D:6      | Found a staircase to the Ecumenical Temple.
  7629 | D:6      | Learned a level 5 spell: Irradiate
  7762 | D:6      | Noticed a hornet
  7765 | D:6      | Banished a hornet
  7766 | D:6      | Reached skill level 1 in Transmutations
  7766 | D:6      | Reached XP level 9. HP: 49/49 MP: 14/19
  7968 | D:6      | You pick up a book of Air and begin reading...
  7968 | D:6      | You add the spells Shock and Airstrike to your library.
  8099 | D:6      | Found a bloodstained altar of Trog.
  8110 | D:6      | Reached skill level 6 in Dodging
  8170 | D:6      | Reached skill level 2 in Transmutations
  8324 | D:7      | Noticed Prince Ribbit
  8328 | D:7      | Killed Prince Ribbit
  8329 | D:7      | Reached skill level 5 in Conjurations
  8392 | D:7      | Noticed Menkaure
  8393 | D:7      | Killed Menkaure
  8394 | D:7      | Reached skill level 6 in Stealth
  8404 | D:7      | Reached skill level 3 in Transmutations
  8702 | D:7      | Noticed Joseph
  8710 | D:7      | Killed Joseph
  9017 | D:7      | Reached skill level 6 in Invocations
  9290 | D:7      | Reached skill level 6 in Conjurations
  9295 | D:7      | Reached skill level 4 in Transmutations
  9408 | D:7      | Found a glowing silver altar of Zin.
  9437 | D:7      | Identified the +11 rapier "Kitt" {protect, rPois Str+2}
  9573 | D:8      | Noticed Gastronok
  9951 | D:8      | Found a sparkling altar of Nemelex Xobeh.
 10055 | D:8      | Reached skill level 7 in Dodging
 10059 | D:8      | Reached XP level 10. HP: 30/54 MP: 7/20
 10236 | D:8      | Found Sorhufog's Book Emporium.
 10248 | D:8      | Bought the Volume of the Torrid Frostbite for 360 gold
                  | pieces
 10248 | D:8      | You add the spells Ignite Poison, Hailstorm and Fireball to
                  | your library.
 10254 | D:8      | Learned a level 5 spell: Fireball
 10289 | D:8      | Reached skill level 7 in Stealth
 10290 | D:8      | You add the spells Mephitic Cloud and Freezing Cloud to
                  | your library.
 10467 | D:8      | Reached skill level 5 in Transmutations
 10661 | D:8      | Reached skill level 6 in Spellcasting
 10742 | D:8      | Reached skill level 7 in Conjurations
 11244 | D:8      | Reached **** piety under Lugonu
 11244 | D:8      | Noticed a boulder beetle
 11256 | D:8      | You pick up a book of Necromancy and begin reading...
 11256 | D:8      | You add the spells Pain, Animate Skeleton and Vampiric
                  | Draining to your library.
 11265 | D:8      | Banished a boulder beetle
 11266 | D:8      | Reached skill level 6 in Transmutations
 11305 | D:8      | Identified the +0 ring mail of the Catfish {Str+6 Int+6}
 11621 | D:9      | Reached skill level 7 in Invocations
 11638 | D:8      | HP: 11/54 [wyvern (10)]
 11641 | D:8      | Reached skill level 8 in Conjurations
 11914 | D:9      | Reached skill level 7 in Spellcasting
 11922 | D:9      | Reached skill level 8 in Dodging
 12083 | D:9      | Found a stormy altar of Qazlal.
 12299 | D:9      | Found a white marble altar of Elyvilon.
 12315 | D:9      | Noticed Maggie
 12335 | D:9      | Killed Maggie
 12521 | D:9      | Found a shadowy altar of Dithmenos.
 12766 | D:9      | Reached XP level 11. HP: 43/58 MP: 13/24
 12772 | D:9      | Reached skill level 9 in Conjurations
 12855 | D:9      | Found a radiant altar of Vehumet.
 12885 | D:9      | Found an ornate altar of the Wu Jian Council.
 12988 | D:10     | Entered Level 10 of the Dungeon
 13323 | D:10     | Found a burning altar of Makhleb.
 13493 | D:10     | Found an ancient bone altar of Kikubaaqudgha.
 13809 | D:10     | Reached ***** piety under Lugonu
 14088 | D:11     | Reached skill level 8 in Spellcasting
 14217 | D:11     | Noticed a two-headed ogre
 14224 | D:11     | Killed a two-headed ogre
 14225 | D:11     | Reached skill level 8 in Invocations
 14297 | D:11     | You add the spells Static Discharge, Animate Armour,
                  | Silence and Iron Shot to your library.
 14297 | D:11     | Got Cekhoq's Grimoire of Stones and Air
 14354 | D:11     | Learned a level 3 spell: Mephitic Cloud
 14452 | D:11     | Reached skill level 9 in Dodging
 14586 | D:11     | Found a staircase to the Lair.
 14594 | D:11     | Reached skill level 1 in Earth Magic
 14910 | D:11     | Reached skill level 10 in Conjurations
 15183 | D:12     | Reached skill level 3 in Fighting
 15183 | D:12     | Reached skill level 2 in Earth Magic
 15277 | D:12     | Learned a level 5 spell: Freezing Cloud
 15282 | D:12     | Noticed Kirke
 15285 | D:12     | Noticed a lindwurm
 15289 | D:12     | Reached skill level 1 in Ice Magic
 15402 | D:12     | Killed Kirke
 15403 | D:12     | Reached skill level 9 in Spellcasting
 15403 | D:12     | Reached skill level 2 in Ice Magic
 15599 | D:12     | Noticed a two-headed ogre
 15605 | D:12     | Killed a two-headed ogre
 15606 | D:12     | Reached skill level 3 in Ice Magic
 15689 | D:12     | Noticed Sonja
 15692 | D:12     | Noticed a deep elf pyromancer
 15694 | D:12     | Killed Sonja
 15860 | D:12     | Noticed a two-headed ogre
 15861 | D:12     | Killed a deep elf pyromancer
 15862 | D:12     | Reached XP level 12. HP: 66/66 MP: 10/27
 15864 | D:12     | Killed a two-headed ogre
 15865 | D:12     | Reached skill level 4 in Ice Magic
 16165 | D:12     | Noticed Snorg
 16171 | D:12     | Killed Snorg
 16172 | D:12     | Reached skill level 4 in Fighting
 16172 | D:12     | Reached skill level 10 in Dodging
 16176 | D:12     | Killed from afar by a deep elf pyromancer

Vanquished Creatures
  Kirke (D:12)
  Snorg (D:12)
  3 two-headed ogres
  Sonja (D:12)
  A deep elf pyromancer (D:12)
  2 cyclopes
  A manticore (D:12)
  Joseph (D:7)
  Maggie (D:9)
  A komodo dragon (D:11)
  An unseen horror (D:11)
  A merfolk (D:11)
  2 trolls
  A hornet (D:9)
  A slime creature (D:12)
  Prince Ribbit (D:7)
  2 wraiths
  3 wyverns
  5 yaks
  6 steam dragons
  3 hogs (D:12)
  2 wargs (D:11)
  Menkaure (D:7)
  An acid dragon (D:10)
  3 water moccasins
  5 orc warriors
  2 sky beasts
  An ice beast (D:5)
  2 ogres
  6 centaurs
  A phantom (D:6)
  3 kobold brigands
  A wyvern zombie (D:9)
  2 bullfrogs
  3 scorpions
  2 gnoll sergeants
  A wyvern skeleton (D:7)
  13 killer bees
  16 wights
  3 howler monkeys
  4 centaur zombies
  A bullfrog zombie (D:5)
  5 hounds
  2 jellies
  2 gnoll shamans
  A bullfrog skeleton (D:5)
  5 orc priests
  3 iguanas
  5 orc wizards
  A killer bee zombie (D:8)
  A centaur simulacrum (D:9)
  Robin (D:2)
  18 gnolls
  2 adders
  A shadow imp (D:6)
  4 white imps (D:9)
  2 ufetubi (D:9)
  A worm (D:2)
  A dart slug (D:2)
  27 orcs
  8 endoplasms
  3 giant cockroaches
  12 goblins
  8 hobgoblins
  26 kobolds
  A quokka (D:1)
  6 ball pythons
  2 bats
  4 frilled lizards
264 creatures vanquished.

Vanquished Creatures (collateral kills)
  A goblin (D:3)
1 creature vanquished.

Vanquished Creatures (others)
  A lurking horror (Abyss:1)
1 creature vanquished.

Grand Total: 266 creatures vanquished

Table legend:
 A = Non-vault XP
 B = Vault XP
 C = Vault XP percentage of total XP
 D = Non-vault monster count
 E = Vault monster count
 F = Vault count percentage of total count
                 A         B        C        D         E       F
            +---------+---------+-------+---------+---------+-------
      Total |   16379 |    8104 |  33.1 |     215 |      53 |  19.8
            +---------+---------+-------+---------+---------+-------
        D:1 |      19 |       4 |  17.4 |      10 |       2 |  16.7
        D:2 |      33 |      27 |  45.0 |      18 |       7 |  28.0
        D:3 |      66 |     127 |  65.8 |       7 |       3 |  30.0
        D:4 |     610 |       0 |   0.0 |      28 |       0 |   0.0
        D:5 |     997 |       0 |   0.0 |      27 |       0 |   0.0
        D:6 |    1324 |       0 |   0.0 |      25 |       0 |   0.0
        D:7 |     756 |     866 |  53.4 |       8 |       3 |  27.3
        D:8 |    1981 |    1677 |  45.8 |      21 |      11 |  34.4
        D:9 |    2105 |     767 |  26.7 |      39 |      10 |  20.4
       D:10 |    1137 |       0 |   0.0 |      15 |       0 |   0.0
       D:11 |    3263 |     851 |  20.7 |       9 |       8 |  47.1
       D:12 |    4088 |    3785 |  48.1 |       8 |       9 |  52.9
            +---------+---------+-------+---------+---------+-------

Illustrated notes

Table legend:
 A = Kills in this place as a percentage of kills in entire the game.
 B = Kills by you in this place as a percentage of kills by you in the entire game.
 C = Kills by friends in this place as a percentage of kills by friends in the entire game.
 D = Other kills in this place as a percentage of other kills in the entire game.
 E = Experience gained in this place as a percentage of experience gained in the entire game.
 F = Experience gained in this place divided by the number of levels of this place that you have seen.
                   A       B       C       D       E      F
               +-------+-------+-------+-------+-------+----------------------
         Total | 100.0 | 100.0 | 100.0 | 100.0 | 100.0 | 1632.2
       Dungeon | 100.0 | 100.0 | 100.0 | 100.0 | 100.0 | 2040.2
               +-------+-------+-------+-------+-------+----------------------

Table legend: (Time is in decaauts)
 A = Elapsed time spent in this place.
 B = Non-inter-level travel time spent in this place.
 C = Inter-level travel time spent in this place.
 D = Time resting spent in this place.
 E = Time spent auto-exploring this place.
 F = Levels seen in this place.
 G = Mean time per level.
                   A        B        C        D        E       F      G
               +--------+--------+--------+--------+--------+-----+--------+
         Total |  16220 |  15801 |    419 |   3164 |  10047 |  15 | 1081.3 |
       Dungeon |  16022 |  15603 |    419 |   3164 |   9978 |  12 | 1335.2 |
         Abyss |    197 |    197 |      0 |      0 |     69 |   3 |   65.7 |
               +--------+--------+--------+--------+--------+-----+--------+

Top non-repeatable levels by time:
     D:5: 2047 daAuts
     D:7: 1941 daAuts
     D:4: 1703 daAuts
     D:8: 1566 daAuts
     D:1: 1269 daAuts
     D:9: 1225 daAuts
     D:2: 1202 daAuts
     D:6: 1162 daAuts
    D:10: 1100 daAuts
    D:11: 1089 daAuts
    D:12: 1028 daAuts
     D:3: 686 daAuts
 Abyss:1: 136 daAuts
 Abyss:2: 31 daAuts
 Abyss:3: 29 daAuts
